 Dungeon Crawl Stone Soup version 0.23.2-40-g277498a (webtiles) character file.

Game seed: 4128599446836184734

168 sammyg024 the Covered (level 5, -1/36 HPs)
             Began as a Human Fighter on Sept 26, 2019.
             Slain by an orc priest
             ... wielding a +0 falchion
              (4 damage)
             ... on level 3 of the Dungeon on Sept 27, 2019.
             The game lasted 00:21:03 (2914 turns).

sammyg024 the Covered (Human Fighter)               Turns: 2914, Time: 00:21:04

Health: -1/36      AC:  8    Str: 16    XL:     5   Next: 77%
Magic:  5/5        EV:  6    Int:  9    God:
Gold:   112        SH: 13    Dex: 15    Spells: 4/4 levels left

rFire    . . .     SeeInvis .   a - +0 war axe
rCold    . . .     Gourm    .   k - +0 large shield
rNeg     + . .     Faith    .   b - +0 scale mail
rPois    .         Spirit   .   (no helmet)
rElec    .         Reflect  .   (no cloak)
rCorr    .         Harm     .   (no gloves)
MR       .....                  g - +0 pair of boots
Stlth    ..........             (no amulet)
HPRegen  0.12/turn              u - +1 ring of evasion
MPRegen  0.09/turn              f - ring of positive energy

@: no status effects
A: agile 1, blurry vision 1, frail 1, screaming 1
a: no special abilities


You were on level 3 of the Dungeon.
You were not hungry.

You visited 1 branch of the dungeon, and saw 3 of its levels.

You collected 112 gold pieces.

Inventory:

Hand Weapons
 a - a +0 war axe (weapon)
 e - a +0 spear
 i - a +0 spear
 j - a +0 dagger
 n - a +0 short sword
 o - a +0 whip
 r - a +0 short sword
 s - a +0 short sword
 x - a +0 whip
 y - a +0 trident
 A - a +0 club
 D - a +0 flail
 E - a +1 hunting sling of freezing
 G - a +0 mace
Missiles
 h - 27 bolts (quivered)
 w - 33 stones
Armour
 b - a +0 scale mail (worn)
 c - a +0 shield
 g - a +0 pair of boots (worn)
 k - a +0 large shield (worn)
 z - a +0 robe
 H - a +0 leather armour of fire resistance
Jewellery
 f - a ring of positive energy (right hand)
 u - a +1 ring of evasion (left hand)
Scrolls
 q - a scroll of teleportation
 v - 2 scrolls of magic mapping {unknown}
 B - a scroll of identify
Potions
 d - 2 potions of might
 l - a potion of mutation
 m - a potion of lignification
 p - a potion of invisibility {unknown}
 t - a potion of resistance {unknown}
 F - a potion of brilliance {unknown}
Comestibles
 C - a ration


   Skills:
 + Level 3.3 Fighting
 + Level 3.0 Axes
 + Level 4.2 Armour
 + Level 0.8 Dodging
 + Level 4.1 Shields


You had 4 spell levels left.
You didn't know any spells.
Your spell library was empty.

Dungeon Overview and Level Annotations

Branches:
Dungeon (3/15)

Altars:


Innate Abilities, Weirdness & Mutations

You are agile. (Dex +2)
Scrolls take you a little longer to read.
You are frail. (-10% HP)
You occasionally shout uncontrollably at your foes.


Message History

You feel frail.
Your vision blurs.
You feel the urge to shout.
You feel agile.
You hear some strange, mumbled words.
A puff of frost appears from out of thin air!
You block the puff of frost.
You slash the orc!
You kill the orc!
Your shield and scale mail prevent you from hitting something.
Something hits you but does no damage.
You hear some strange, mumbled words.
A puff of frost appears from out of thin air!
The puff of frost hits you.
The orc priest calls down the wrath of Beogh upon you.
Pain shoots through your body!
* * * LOW HITPOINT WARNING * * *
Something hits you.
* * * LOW HITPOINT WARNING * * *
Your shield and scale mail prevent you from hitting something.
You closely miss the orc priest.
The orc priest hits you with a +0 falchion.
You die...

#.# #.# #.# ##.##
#
##.#####...###..#
...oS().........#
....l###olS####.##
##. ##o#####..###
#@{...........
####.#.......
#........
#.#.....#
#.##....# #.#
#.#.#
#.###.#.#####
#...........(
#####.#.####.


You could see an orc priest, an orc, a ball python and a frilled lizard.

Vanquished Creatures
  An orc priest (D:2)
  4 gnolls (D:2)
  3 adders (D:2)
  A worm (D:2)
  A dart slug (D:2)
  3 leopard geckos
  4 orcs
  4 giant cockroaches
  8 goblins
  4 hobgoblins
  6 jackals (D:1)
  9 kobolds
  A quokka (D:2)
  A ball python (D:2)
  3 bats
  7 frilled lizards
  4 rats
64 creatures vanquished.

Notes
Turn   | Place    | Note
-------+----------+-------------------------------------------
     0 | D:1      | sammyg024 the Human Fighter began the quest for the Orb.
     0 | D:1      | Reached XP level 1. HP: 18/18 MP: 1/1
   163 | D:1      | Reached XP level 2. HP: 24/24 MP: 2/2
   457 | D:1      | Reached XP level 3. HP: 12/29 MP: 3/3
  1333 | D:2      | Reached XP level 4. HP: 34/35 MP: 4/4
  1493 | D:2      | Reached XP level 5. HP: 30/41 MP: 5/5
  2912 | D:3      | Gained mutation: You are frail. (-10% HP) [potion of
                  | mutation]
  2912 | D:3      | Gained mutation: Scrolls take you a little longer to read.
                  | [potion of mutation]
  2912 | D:3      | Gained mutation: You occasionally shout uncontrollably at
                  | your foes. [potion of mutation]
  2912 | D:3      | Gained mutation: You are agile. (Dex +2) [potion of
                  | mutation]
  2914 | D:3      | Slain by an orc priest

Skill      XL: |  1  2  3  4  5 |
---------------+----------------+-----
Armour         | 4 |  4.2
Shields        | 4 |  4.1
Axes           | 3 |  3.0
Fighting       | |  3.3
Dodging        | |  0.8

Action                   |  1- 3 |  4- 6 || total
-------------------------+-------+-------++-------
Melee: War axe           |   105 |   153 ||   258
 Fire: Hunting sling     |       |     3 ||     3
Throw: Stone             |       |     3 ||     3
  Use: Scroll            |     1 |     5 ||     6
       Potion            |       |     2 ||     2
  Eat: Chunk             |     1 |     1 ||     2
       Ration            |       |     2 ||     2
Armor: Scale mail        |    79 |    85 ||   164
Dodge: Dodged            |    31 |    44 ||    75
Block: Shield            |    15 |       ||    15
       Large shield      |   108 |   190 ||   298
